 Dungeon Crawl Stone Soup version 0.29-a0-284-gf9362112df (webtiles) character file.

Game seed: 7245945517680881115

891 drugrobin the Chopper (level 7, -1/60 HPs)
             Began as a Demigod Fighter on Apr 1, 2022.
             Slain by an orc wizard
             ... wielding a +0 dagger
              (3 damage)
             ... on level 5 of the Dungeon.
             The game lasted 00:10:39 (4651 turns).

drugrobin the Chopper (Demigod Fighter)             Turns: 4651, Time: 00:10:40

Health: -1/60      AC: 12    Str: 25    XL:     7   Next: 48%
Magic:  9/9        EV:  6    Int: 10    God:
Gold:   468        SH:  4    Dex: 13    Spells: 6/6 levels left

rFire   + . .      SeeInvis .   a - +0 war axe
rCold   . . .      Faith    .   c - +0 buckler
rNeg    + . .      Spirit   .   o - +0 plate armour
rPois   .          Reflect  .   (no helmet)
rElec   .          Harm     .   (no cloak)
rCorr   .          Rampage  .   e - +0 pair of gloves
Will    .....                   (no boots)
Stlth   ..........              (no amulet)
HPRegen 0.20/turn               m - ring of positive energy
MPRegen 0.11/turn               p - ring of protection from fire

@: no status effects
A: high MP 1, forlorn, divine attributes
a: no special abilities


You were on level 5 of the Dungeon.
You visited 1 branch of the dungeon, and saw 5 of its levels.
You also visited: Ossuary.

You collected 468 gold pieces.

Inventory:

Hand Weapons
 a - a +0 war axe (weapon)
 b - a +2 dagger of venom
Missiles
 D - 5 poisoned darts (quivered)
Armour
 c - a +0 buckler (worn)
 e - a +0 pair of gloves (worn)
 o - a +0 plate armour (worn)
Jewellery
 m - a ring of positive energy (left hand)
 p - a ring of protection from fire (right hand)
Wands
 j - a wand of iceblast (10)
Scrolls
 f - a scroll of magic mapping
 h - 2 scrolls of identify
 i - 3 scrolls of immolation
 n - a scroll of fear
 q - 4 scrolls of noise {unknown}
 t - a scroll of torment
 v - a scroll of vulnerability
 y - a scroll of holy word
Potions
 d - 6 potions of might
 g - a potion of haste {unknown}
 k - 3 potions of brilliance {unknown}
 l - a potion of magic {unknown}
 r - 2 potions of curing {unknown}
 s - 2 potions of degeneration {unknown}
 u - a potion of mutation {unknown}
 w - 2 potions of berserk rage {unknown}
 x - 2 potions of heal wounds {unknown}
 z - a potion of flight {unknown}
 A - a potion of invisibility {unknown}
 B - a potion of lignification {unknown}
 C - 3 potions of attraction {unknown}


   Skills:
 + Level 4.9 Fighting
 * Level 6.1 Axes
 - Level 2.6 Armour
 - Level 2.6 Shields
 + Level 3.5 Evocations


You had 6 spell levels left.
You didn't know any spells.
Your spell library was empty.

Dungeon Overview and Level Annotations

Branches:
Dungeon (5/15)             Temple (0/1) D:4         Ossuary (visited)


Innate Abilities, Weirdness & Mutations

You have an increased reservoir of magic. (+10% MP)
You shall have no god before yourself.
Your divine heritage dramatically boosts your attributes as you level up.


Message History

You hit the orc.
The orc is severely wounded.
The orc barely misses you.
You hit the orc.
The orc is almost dead.
The orc hits you but does no damage.
The orc priest calls upon Beogh to heal the orc.
The orc is healed somewhat.
An adder comes into view.
The adder hisses angrily.
Unknown command.
Unknown command.
You barely miss the orc.
The orc is lightly wounded.
The orc hits you but does no damage.
Unknown command.
Unknown command.
Unknown command.
You slash the orc!
You kill the orc!
You hear some strange, mumbled words.
A puff of flame appears from out of thin air!
The puff of flame misses you.
The orc priest calls down the wrath of Beogh upon you.
Beogh smites you!
Unknown command.
Unknown command.
Unknown command.
Aiming: Iceblast
Press: ? - help, Shift-Dir - straight line, f - orc
Aim: an orc, wielding a +0 club The mass of ice explodes!
The iceblast engulfs something!
The iceblast engulfs you!!
* * * LOW HITPOINT WARNING * * *
The iceblast engulfs the orc priest!
You kill the orc priest!
The iceblast engulfs the orc!!
You kill the orc!
Something hits you.
You die...

......### ##....#
.#.#....# ##.....#
.#......###.....##
.###....#.....#.##
........#.##..#..#
####......#...##.#
#........##.#.##.#
#.#####...#.#.##.#
#.# #.#...#.##@#
..# #.##..#.##{##
.## #.......##)S#
.#
####............#
.. .............#
...
.......###....#
.... .##...###
...## .#... .#
##... ...# ...##..
#.... ...#


You could see an adder.

Vanquished Creatures
  The ghost of Foxy the Sneak, an amateur GnEn (D:3)
  A black bear (D:5)
  Blork the orc (D:4)
  2 scorpions
  A necrophage (D:5)
  A bullfrog zombie (D:3)
  An orc priest (D:5)
  A gnoll shaman (D:4)
  A hound (D:3)
  A centaur skeleton (D:3)
  9 mummies
  5 gnolls
  5 adders
  A shadow imp (D:3)
  3 worms (D:4)
  3 dart slugs
  9 orcs
  7 endoplasms
  4 giant cockroaches
  2 gnoll zombies (Ossuary)
  11 goblins
  5 hobgoblins
  7 kobolds
  4 quokkas
  8 ball pythons
  3 bats
  6 frilled lizards
  3 hobgoblin zombies (Ossuary)
  2 kobold zombies (Ossuary)
  An orc zombie (Ossuary)
  3 rats
112 creatures vanquished.

Notes
Turn   | Place    | Note
-------+----------+-------------------------------------------
     0 | D:1      | drugrobin the Demigod Fighter began the quest for the Orb.
     0 | D:1      | Reached XP level 1. HP: 18/18 MP: 3/3
   105 | D:1      | Reached skill level 2 in Axes
   342 | D:1      | Reached XP level 2. HP: 25/25 MP: 4/4
  1281 | D:2      | Reached XP level 3. HP: 31/31 MP: 5/5
  1317 | D:2      | Reached skill level 3 in Axes
  1970 | D:3      | Noticed Foxy's ghost (amateur GnEn)
  1970 | D:3      | Found a transporter.
  2033 | D:3      | Found a transporter.
  2265 | D:3      | Reached XP level 4. HP: 36/38 MP: 6/6
  2492 | D:3      | Reached skill level 1 in Evocations
  2808 | D:3      | Reached skill level 4 in Axes
  2808 | D:3      | Reached XP level 5. HP: 30/46 MP: 7/7
  2814 | D:3      | Killed Foxy's ghost
  2815 | D:3      | Reached XP level 6. HP: 36/52 MP: 8/8
  3174 | D:4      | Found a staircase to the Ecumenical Temple.
  3201 | D:4      | Noticed Blork the orc
  3212 | D:4      | Killed Blork the orc
  3231 | D:4      | Found a sand-covered staircase.
  3236 | Ossuary  | Entered an ossuary
  3360 | Ossuary  | Reached skill level 5 in Axes
  4205 | D:5      | Entered Level 5 of the Dungeon
  4218 | D:4      | Reached XP level 7. HP: 60/60 MP: 9/9
  4475 | D:5      | Reached skill level 6 in Axes
  4651 | D:5      | HP: 2/60 [shot self (23)]
  4651 | D:5      | Slain by an orc wizard

Illustrated notes

Levels and vault maps discovered:
D:1:      sevenhm_arrival_forest_fort_small_3, layout_loops_ring,
          hellmonk_ecumenical_altar_blasted
D:2:      layout_basic, moated_statue
D:3:      layout_rooms, mainiacjoe_overflow_concentric_impassable,
          mainiacjoe_overflow_boulevard, gammafunk_ghost_mausoleum
D:4:      layout_loops_ring, nicolae_overflow_hidden_temple,
          minmay_temple_entry_hall, enter_ossuary_2, minmay_cut_off,
          uniq_blork_the_orc
D:5:      layout_rooms

Skill      XL: |  1  2  3  4  5  6  7 |
---------------+----------------------+-----
Axes           | 2 3 4 5 6 |  6.1
Fighting       | 3 4 |  4.9
Evocations     | 1 2 3 |  3.5
Armour         | |  2.6
Shields        | |  2.6

Action                   |  1- 3 |  4- 6 |  7- 9 || total
-------------------------+-------+-------+-------++-------
Melee: War axe           |   112 |   121 |    38 ||   271
       Dagger            |    22 |    29 |    25 ||    76
Throw: Dart              |       |       |     1 ||     1
Evoke: Wand              |       |       |     1 ||     1
  Use: Potion            |       |     1 |       ||     1
       Scroll            |       |     5 |       ||     5
Armor: Scale mail        |    51 |       |       ||    51
       Plate armour      |     9 |    72 |    40 ||   121
Dodge: Dodged            |    54 |    34 |    19 ||   107
Block: Buckler           |    35 |    30 |    15 ||    80

Table legend: (Time is in decaauts)
 A = Elapsed time spent in this place.
 B = Non-inter-level travel time spent in this place.
 C = Inter-level travel time spent in this place.
 D = Time resting spent in this place.
 E = Time spent auto-exploring this place.
 F = Levels seen in this place.
 G = Mean time per level.
                   A        B        C        D        E       F      G
               +--------+--------+--------+--------+--------+-----+--------+
         Total |   4742 |   4535 |    207 |    757 |   2285 |   6 |  790.3 |
       Dungeon |   4177 |   3970 |    207 |    503 |   2231 |   5 |  835.4 |
       Ossuary |    564 |    564 |      0 |    254 |     54 |   1 |  564.0 |
               +--------+--------+--------+--------+--------+-----+--------+

Top non-repeatable levels by time:
     D:2: 1058 daAuts
     D:3: 994 daAuts
     D:1: 952 daAuts
     D:4: 917 daAuts
 Ossuary: 564 daAuts
     D:5: 254 daAuts
